 Dungeon Crawl Stone Soup version 0.29-a0-555-g3b24f45cc1 (webtiles) character file.

Game seed: 4689611793987154920

11592 Lancel07 the Severer (level 11, -8/99 HPs)
             Began as a Hill Orc Monk on June 8, 2022.
             Was an Elder of Beogh.
             Mangled by an orc priest
             ... wielding a +0 trident
              (13 damage)
             ... on level 2 of the Orcish Mines.
             The game lasted 00:23:56 (11627 turns).

Lancel07 the Severer (Hill Orc Monk)               Turns: 11627, Time: 00:24:02

Health: -8/99      AC: 19    Str: 19    XL:     11   Next: 80%
Magic:  0/11       EV:  7    Int: 10    God:    Beogh [****..]
Gold:   528        SH:  5    Dex: 13    Spells: 10/10 levels left

rFire   . . .      SeeInvis .   v - +4 war axe (freeze)
rCold   + . .      Faith    .   (no shield)
rNeg    . . .      Spirit   .   q - +0 plate armour
rPois   .          Reflect  +   n - +0 helmet
rElec   .          Harm     .   l - scarf {shadows}
rCorr   .          Rampage  .   y - +1 pair of gloves {infuse}
Will    +....                   s - +0 pair of boots
Stlth   ..........              k - amulet of reflection
HPRegen 0.26/turn               e - ring of willpower
MPRegen 0.12/turn               o - ring of protection from cold

@: studying Summonings
A: no striking features
a: Renounce Religion, Smiting, Recall Orcish Followers


You were on level 2 of the Orcish Mines.
You worshipped Beogh.
Beogh was greatly pleased with you.
You visited 3 branches of the dungeon, and saw 13 of its levels.

You collected 709 gold pieces.
You spent 181 gold pieces at shops.

Inventory:

Hand Weapons
 v - a +4 war axe of freezing (weapon)
Missiles
 u - 6 throwing nets (quivered)
Armour
 l - a scarf of shadows (worn)
 n - a +0 helmet (worn)
 q - a +0 plate armour (worn)
 r - a +0 cloak
 s - a +0 pair of boots (worn)
 y - a +1 pair of gloves of infusion (worn)
Jewellery
 e - a ring of willpower (left hand)
 k - an amulet of reflection (around neck)
 o - a ring of protection from cold (right hand)
 F - a +4 ring of protection
Wands
 x - a wand of iceblast (16)
 A - a wand of polymorph (24)
 C - a wand of flame (31)
Scrolls
 a - a scroll of poison {unknown}
 b - a scroll of identify
 d - 4 scrolls of enchant weapon
 f - a scroll of fear
 i - 4 scrolls of teleportation
 t - a scroll of silence {unknown}
 w - a scroll of noise {unknown}
 z - a scroll of fog
 B - 2 scrolls of amnesia {unknown}
 D - 2 scrolls of magic mapping {unknown}
 E - a scroll of immolation {unknown}
 G - 2 scrolls of vulnerability {unknown}
Potions
 c - a potion of ambrosia
 g - a potion of magic {unknown}
 h - 2 potions of might
 j - 3 potions of resistance
 m - 2 potions of heal wounds
 p - a potion of attraction {unknown}
 H - a potion of brilliance {unknown}
 I - a potion of curing


   Skills:
 + Level 10.1 Fighting
 + Level 16.7 Axes
 + Level 0.3 Throwing
 + Level 9.9 Armour
 + Level 3.3 Dodging
 - Level 1.5 Stealth
 + Level 5.2 Shields


You had 10 spell levels left.
You didn't know any spells.
Your spell library contained the following spells:

 Spells                   Type           Power      Damage    Failure   Level
 Freeze                   Ice            0%         1d3       100%        1
 Confusing Touch          Hex            0%         N/A       100%        3
 Frozen Ramparts          Ice            0%         1d2       100%        3
 Tukima's Dance           Hex            0%         N/A       100%        3
 Hailstorm                Conj/Ice       0%         3d3       100%        4
 Passage of Golubria      Tloc           0%         N/A       100%        4
 Summon Forest            Summ/Tloc      0%         N/A       100%        5
 Summon Mana Viper        Hex/Summ       0%         N/A       100%        5
 Yara's Violent Unravell  Hex/Tmut       0%         3d3       100%        5
 Summon Cactus Giant      Summ           0%         N/A       100%        6
 Enfeeble                 Hex            0%         N/A       100%        7


Dungeon Overview and Level Annotations

Branches:
Dungeon (10/15)            Temple (1/1) D:5             Orc (2/2) D:10
    Elf (0/3) Orc:2
   Lair: D:8-11

Altars:
Ashenzari
Cheibriados
Dithmenos
Elyvilon
Fedhas
Gozag
Kikubaaqudgha
Makhleb
Okawaru
Qazlal
Ru
Sif Muna
Trog
Uskayaw
Vehumet
Wu Jian
Xom
Yredelemnul
Zin
The Shining One
Beogh

Shops:
D:5 ?![:[   D:6 *   D:7 ((:   Orc:2 **


Message History

You strike the helpless orc warrior from behind!
You hit the orc warrior. You freeze the orc warrior.
You kill the orc warrior!
Beogh accepts your kill.
Your orc high priest mumbles some strange prayers to Beogh.
An orc priest comes into view.
It is wielding a +0 dagger of protection.
The orc priest relaxes its fighting stance and smiles at you.
It shouts, "Surely Beogh must have sent you!"
You block the orc warrior's attack.
The orc warrior hits you with a +0 war axe!
* * * LOW HITPOINT WARNING * * *
The orc warrior hits your ice devil with a +0 war axe!
The orc priest hits you from afar with a +0 trident.
* * * LOW HITPOINT WARNING * * *
You swap places.
The orc warrior attacks as you move away!
You block the orc warrior's attack.
The orc warrior hits your ice devil with a +0 war axe!
Your orc warrior hits the orc warrior from afar with a +0 trident!!
Your orc knight roars a battlecry!
The orc warrior hits your orc high priest with a +0 war axe!
The orc warrior misses your ice devil.
The orc warrior hits your orc knight but does no damage.
The orc priest calls upon Beogh to heal the orc warrior.
The orc warrior is healed somewhat.
Your ice devil hits the orc warrior.
Your ice devil freezes the orc warrior!!
The orc warrior falls to its knees.
Items here: )) [[ †.
The orc warrior hits you from afar with a +0 glaive.
* * * LOW HITPOINT WARNING * * *
Items here: ))) [ †††.
Okay, then.
You swap places.
Your orc high priest hits the orc warrior with a +0 hand axe.
The orc warrior hits you with a +0 glaive!
* * * LOW HITPOINT WARNING * * *
Your orc warrior hits the orc warrior with a +0 war axe!
The orc priest hits you with a +0 trident!
You die...
Beogh appreciates the orc priest's killing of a heretic priest.

##.^...... ##.
##.........
##..
##..###....# .
##... ##..##
#...#. ..
##...###..##
.....
...#...o##oo##
.#..
#..o..#3#oo##
..).).4ooo##
#.#)#@oo##
..).)ooo##
..#.#.)##
.....## ##∩.∩#
##.# ##


You could see an orc warrior (strong), an orc priest (strong), a friendly orc
knight, a friendly orc high priest (strong), a friendly sun demon (summoned), a
friendly ice devil (summoned), 3 friendly orc warriors, 3 friendly orc priests,
2 friendly orc wizards and 2 friendly orcs.

Vanquished Creatures
  Harold (D:9)
  3 two-headed ogres
  An ugly thing (D:9)
  An efreet (D:10)
  An ice devil (Orc:2)
  A vampire (D:9)
  4 spriggans (D:10)
  13 yaks
  A steam dragon (D:9)
  An acid dragon (D:9)
  2 water moccasins
  7 orc warriors
  An ice beast (D:5)
  A sky beast (D:8)
  A black bear (D:4)
  4 ogres
  3 centaurs (D:8)
  A phantom (D:5)
  3 bullfrogs
  3 scorpions
  A necrophage (D:4)
  2 gnoll sergeants (D:10)
  8 wights
  11 killer bees
  2 howler monkeys
  3 hounds
  2 jellies
  4 orc priests
  A gnoll shaman (D:6)
  Ijyb (D:5)
  2 iguanas (D:5)
  7 orc wizards
  12 gnolls
  5 adders
  An ufetubus (D:5)
  A worm (D:2)
  4 dart slugs
  31 orcs
  5 ball pythons
  5 endoplasms
  5 giant cockroaches
  5 goblins
  2 hobgoblins
  6 bats
  6 frilled lizards
  6 kobolds
  5 rats
196 creatures vanquished.

Vanquished Creatures (collateral kills)
  The ghost of benadryl the Grappler, a novice TrAr of Ru (D:10)
  2 trolls
  A hornet (D:10)
  3 yaks
  7 orc warriors
  An ogre (Orc:2)
  2 wolves (D:10)
  A killer bee (D:10)
  An orc priest (Orc:2)
  An orc wizard (Orc:2)
  A shadow imp (D:7)
  8 orcs
29 creatures vanquished.

Vanquished Creatures (others)
  An orc knight (Orc:2)
  3 orc priests
  19 orcs
  A fungus (D:10)
  9 plants (D:10)
33 creatures vanquished.

Grand Total: 258 creatures vanquished

Notes
Turn   | Place    | Note
-------+----------+-------------------------------------------
     0 | D:1      | Lancel07 the Hill Orc Monk began the quest for the Orb.
     0 | D:1      | Reached XP level 1. HP: 19/19 MP: 1/1
   216 | D:1      | Reached XP level 2. HP: 27/27 MP: 2/2
  1103 | D:2      | Reached XP level 3. HP: 7/33 MP: 3/3
  1570 | D:2      | Reached skill level 5 in Axes
  2182 | D:2      | Reached skill level 1 in Armour
  2500 | D:2      | Reached XP level 4. HP: 39/40 MP: 4/4
  2827 | D:3      | Found an iron altar of Okawaru.
  2871 | D:3      | Found a basalt altar of Yredelemnul.
  3002 | D:3      | Found a shimmering altar of Xom.
  3517 | D:4      | Reached XP level 5. HP: 46/46 MP: 5/5
  3777 | D:4      | Noticed a black bear
  3795 | D:4      | Killed a black bear
  3796 | D:4      | Reached skill level 6 in Axes
  3796 | D:4      | Reached skill level 1 in Shields
  3902 | D:4      | Noticed an ogre
  3915 | D:4      | Reached XP level 6. HP: 46/53 MP: 6/6
  4528 | D:4      | Reached skill level 7 in Axes
  4528 | D:4      | Reached XP level 7. HP: 44/60 MP: 7/7
  5247 | D:5      | Entered Level 5 of the Dungeon
  5277 | D:5      | Reached skill level 8 in Axes
  5322 | D:5      | Found a glowing silver altar of Zin.
  5322 | D:5      | Found a burning altar of Makhleb.
  5323 | D:5      | Noticed a cacodemon
  5323 | D:5      | Noticed an angel
  5345 | D:5      | Found Epteup's Armour Boutique.
  5360 | D:5      | Reached skill level 5 in Fighting
  5363 | D:5      | Bought a +0 pair of gloves of infusion for 115 gold pieces
  5419 | D:5      | Reached XP level 8. HP: 68/68 MP: 3/8
  5493 | D:5      | Noticed Ijyb
  5502 | D:5      | Killed Ijyb
  5611 | D:5      | Found a staircase to the Ecumenical Temple.
  5625 | D:5      | Reached skill level 9 in Axes
  5625 | D:5      | Reached skill level 5 in Armour
  5628 | D:5      | Found Peoschaz's Antique Armour Shop.
  5654 | D:5      | Found Leabum's Distillery.
  5669 | Temple   | Entered the Ecumenical Temple
  6128 | D:5      | Found Zesuo's Book Shop.
  6140 | D:5      | Found Doevejog's Magic Scroll Shop.
  6148 | D:5      | Bought a scroll of identify for 22 gold pieces
  6148 | D:5      | Bought a scroll of identify for 22 gold pieces
  6148 | D:5      | Bought a scroll of identify for 22 gold pieces
  6391 | D:6      | Reached skill level 10 in Axes
  6468 | D:6      | Found Cach's Assorted Antiques.
  6485 | D:6      | Became a worshipper of Beogh the Brigand
  6485 | D:6      | Reached * piety under Beogh
  6485 | D:6      | Reached ** piety under Beogh
  6534 | D:7      | Found Anwuijug's Weapon Emporium.
  6610 | D:7      | Found a white marble altar of Elyvilon.
  6885 | D:9      | Noticed a vampire
  6897 | D:9      | Killed a vampire
  6898 | D:9      | Reached XP level 9. HP: 27/75 MP: 0/9
  7142 | D:9      | Reached skill level 11 in Axes
  7338 | D:9      | Noticed a green ugly thing
  7349 | D:9      | Killed a green ugly thing
  7692 | D:9      | Noticed Harold
  7698 | D:9      | Killed Harold
  7699 | D:9      | Reached skill level 12 in Axes
  7882 | D:9      | Reached XP level 10. HP: 88/88 MP: 7/10
  7886 | D:9      | Reached skill level 13 in Axes
  8083 | D:9      | Noticed a two-headed ogre
  8091 | D:9      | Killed a two-headed ogre
  8092 | D:9      | Reached skill level 14 in Axes
  8532 | D:9      | Found a hide-covered altar of Uskayaw.
  9008 | D:8      | Found a stormy altar of Qazlal.
  9011 | D:8      | Reached *** piety under Beogh
  9454 | D:7      | Reached skill level 15 in Axes
  9591 | D:7      | Found Opiu's Antique Weapon Shop.
  9612 | D:7      | Found an opulent altar of Gozag.
  9629 | D:7      | Reached XP level 11. HP: 97/97 MP: 8/11
  9740 | D:7      | Found Nysathun's Book Emporium.
  9939 | D:10     | Entered Level 10 of the Dungeon
  9939 | D:10     | Noticed a two-headed ogre
  9948 | D:10     | Killed a two-headed ogre
 10451 | D:10     | Found a runed translucent door.
 10452 | D:10     | Noticed benadryl's ghost (novice TrAr)
 10454 | D:10     | Noticed a spriggan rider
 10456 | D:10     | Identified the +1 spear of Dissatisfaction {freeze, rElec
                  | rN+ rCorr Int+2 SInv}
 10536 | D:10     | Found a broken altar of Ashenzari.
 10745 | D:10     | Found a roughly hewn altar of Beogh.
 10746 | D:10     | Found a staircase to the Orcish Mines.
 10752 | D:10     | Reached **** piety under Beogh
 11061 | D:10     | Killed benadryl's ghost
 11062 | D:10     | Reached skill level 16 in Axes
 11075 | D:10     | Reached skill level 10 in Fighting
 11397 | Orc:1    | Entered Level 1 of the Orcish Mines
 11457 | Orc:2    | Entered Level 2 of the Orcish Mines
 11466 | Orc:2    | Reached skill level 5 in Shields
 11507 | Orc:2    | Noticed a two-headed ogre
 11512 | Orc:2    | Killed a two-headed ogre
 11589 | Orc:2    | Found a staircase to the Elven Halls.
 11607 | Orc:2    | Found Duzac's General Store.
 11607 | Orc:2    | Noticed an orc knight
 11610 | Orc:2    | Found Gago's General Store.
 11627 | Orc:2    | Mangled by an orc priest

Illustrated notes

Levels and vault maps discovered:
D:1:      matt_arrival_spirals, layout_basic, roderic_lattice_a
D:2:      layout_loops_corners
D:3:      layout_loops_ring, tgw_xom, mainiacjoe_overflow_concentric_impassable,
          okawaru_ov_weapons_minmay, minmay_cut_off
D:4:      layout_basic
D:5:      layout_loops_ring, grunt_temple_overflow_order_and_chaos_2,
          temple_pool_b, serial_shops, shop_statue, shop, nicolae_shop_stone,
          shop, shop, uniq_ijyb
D:6:      layout_cave_pools, nicolae_hepliaklqana_hippocampus,
          mainiacjoe_overflow_surrounded_room, serial_shops,
          nicolae_shop_competitors_out_of_business, uniq_sigmund
D:7:      layout_cave_pools, mainiacjoe_overflow_boulevard, elyvilon_altar_3,
          serial_shops, nicolae_shop_bloodbath_and_beyond, kennysheep_mini,
          shop, nrook_loot_triangle
D:8:      layout_loops_cross, mainiacjoe_overflow_cross_hatched
D:9:      layout_loops_ring, kennysheep_little_box, uniq_harold
D:10:     layout_big_octagon, ashenzari_conservatory_becter, david_orc_5,
          ebering_ghost_funeral_grove
Temple:   eino_wide_crystal_templ
Orc:1:    layout_diamond_mine
Orc:2:    pf_orc_diabolical, layout_caves

Skill      XL: |  1  2  3  4  5  6  7  8  9 10 11 |
---------------+----------------------------------+-----
Fighting       | 4 5 6 7 9 10 | 10.1
Axes           | 5 6 7 8 10 12 15 16 | 16.7
Armour         | 1 2 3 4 6 7 8 9 |  9.9
Dodging        | 3 |  3.3
Shields        | 1 2 3 4 5 |  5.2
Throwing       | |  0.3
Stealth        | |  1.5

Action                   |  1- 3 |  4- 6 |  7- 9 | 10-12 || total
-------------------------+-------+-------+-------+-------++-------
Melee: Hand axe          |   129 |   106 |       |       ||   235
       Punch             |     1 |     2 |     3 |     3 ||     9
       War axe           |       |     8 |   155 |   211 ||   374
Throw: Throwing net      |       |       |     1 |       ||     1
Invok: Convert to Beogh  |       |       |     1 |       ||     1
  Use: Scroll            |       |       |     9 |       ||     9
       Potion            |       |       |       |     2 ||     2
 Stab: Distracted        |       |       |       |     4 ||     4
Armor: Scale mail        |    75 |    27 |       |       ||   102
       Plate armour      |       |    24 |    87 |   103 ||   214
Dodge: Dodged            |    60 |    28 |    35 |    69 ||   192
Block: Other             |    15 |    19 |    27 |    41 ||   102
       Reflection        |       |       |       |     2 ||     2

Table legend: (Time is in decaauts)
 A = Elapsed time spent in this place.
 B = Non-inter-level travel time spent in this place.
 C = Inter-level travel time spent in this place.
 D = Time resting spent in this place.
 E = Time spent auto-exploring this place.
 F = Levels seen in this place.
 G = Mean time per level.
                   A        B        C        D        E       F      G
               +--------+--------+--------+--------+--------+-----+--------+
         Total |  11589 |  11589 |      0 |      0 |   9437 |  13 |  891.5 |
       Dungeon |  11314 |  11314 |      0 |      0 |   9288 |  10 | 1131.4 |
        Temple |     51 |     51 |      0 |      0 |      0 |   1 |   51.0 |
  Orcish Mines |    222 |    222 |      0 |      0 |    149 |   2 |  111.0 |
               +--------+--------+--------+--------+--------+-----+--------+

Top non-repeatable levels by time:
     D:9: 1853 daAuts
     D:4: 1772 daAuts
     D:2: 1621 daAuts
    D:10: 1435 daAuts
     D:1: 1072 daAuts
     D:5: 1034 daAuts
     D:8: 938 daAuts
     D:3: 795 daAuts
     D:7: 601 daAuts
     D:6: 191 daAuts
   Orc:2: 163 daAuts
   Orc:1: 59 daAuts
  Temple: 51 daAuts
